 Dungeon Crawl Stone Soup version 0.18.1-48-g4cf74bf (webtiles) character file.

6126 dorian the Carver (level 10, -11/64 HPs)
             Began as a High Elf Skald on Aug 30, 2016.
             Was an Elder of Okawaru.
             Killed from afar by a gargoyle (26 damage)
             ... with a stone arrow
             ... on level 10 of the Dungeon.
             The game lasted 00:29:23 (12325 turns).

dorian the Carver (High Elf Skald)                 Turns: 12325, Time: 00:29:23

Health: -11/64     AC:  5    Str: 19    XL:     10   Next: 59%
Magic:  15/23      EV: 19    Int: 16    God:    Okawaru [****..]
Gold:   30         SH:  0    Dex: 20    Spells: 4 memorised, 5 levels left

rFire  . . .     SeeInvis .     m - +3 short sword (drain)
rCold  . . .     Gourm    .     K - +1 leather armour of Listlessness {rPois MP+9 Str-4}
rNeg   . . .     Faith    .     (no shield)
rPois  +         Spirit   .     (no helmet)
rElec  .         Dismiss  +     (no cloak)
rCorr  +         Reflect  .     u - +0 pair of gloves "Lejab" {rCorr Str+9 Dex-3}
SustAt .         Harm     .     (no boots)
MR     +....                    T - amulet of dismissal
Stlth  +++.......               b - +3 ring of dexterity
                                R - +4 ring of dexterity

@: infused, very slightly contaminated, somewhat resistant to hostile
enchantments, fairly stealthy
A: camouflage 1
a: Heroism, Renounce Religion


You were on level 10 of the Dungeon.
You worshipped Okawaru.
Okawaru was greatly pleased with you.
You were hungry.

You visited 2 branches of the dungeon, and saw 11 of its levels.

You collected 412 gold pieces.
You spent 382 gold pieces at shops.

Inventory:

Hand Weapons
 a - a +0 falchion
 c - a +0 short sword of electrocution
   (You found it on level 1 of the Dungeon)
 m - a +3 short sword of draining (weapon)
   (You took it off a kobold on level 2 of the Dungeon)
 S - the +1 flail of Terror {vamp, *Rage rPois Dex+2 SInv}
   (You found it on level 9 of the Dungeon)

   It inflicts no extra harm, but heals its wielder somewhat when it strikes a
   living foe.
   It affects your dexterity (+2).
   It protects you from poison.
   It lets you see invisible.
   It may make you go berserk in combat.
Missiles
 f - 2 curare-tipped needles
 C - 14 tomahawks (quivered)
 D - 8 silver tomahawks
Armour
 u - the +0 pair of gloves "Lejab" (worn) {rCorr Str+9 Dex-3}
   (You found it on level 4 of the Dungeon)

   It affects your strength (+9).
   It affects your dexterity (-3).
   It protects you from acid and corrosion.
 x - a +2 pair of gloves
   (You found it on level 4 of the Dungeon)
 G - the +3 helmet of Ennui {-Cast MR+ Str+3 Int+4}
   (You found it on level 6 of the Dungeon)

   It affects your strength (+3).
   It affects your intelligence (+4).
   It affects your resistance to hostile enchantments.
   It prevents spellcasting.
 K - the +1 leather armour of Listlessness (worn) {rPois MP+9 Str-4}
   (You found it on level 7 of the Dungeon)

   It affects your strength (-4).
   It protects you from poison.
   It affects your magic capacity (+9).
 O - a +1 pair of gloves of dexterity
   (You bought it in a shop on level 4 of the Dungeon)
Jewellery
 b - a +3 ring of dexterity (right hand)
   (You found it on level 8 of the Dungeon)
 i - an uncursed ring of fire
   (You found it on level 1 of the Dungeon)
 w - an uncursed amulet of magic regeneration
   (You bought it in a shop on level 4 of the Dungeon)
 H - an uncursed ring of positive energy
   (You found it on level 6 of the Dungeon)
 R - a +4 ring of dexterity (left hand)
   (You found it on level 9 of the Dungeon)
 T - an amulet of dismissal (around neck)
   (You bought it in a shop on level 4 of the Dungeon)
Wands
 z - a wand of polymorph (12/24)
   (You found it on level 7 of the Dungeon)
 L - a wand of lightning (0/15)
   (You found it on level 7 of the Dungeon)
Scrolls
 g - a scroll of enchant weapon
 l - 2 scrolls of remove curse
 p - 4 scrolls of teleportation
 r - 2 scrolls of identify
 s - 2 scrolls of fog
 y - a scroll of blinking {unknown}
 I - a scroll of fear {unknown}
 M - a scroll of random uselessness {unknown}
 Q - a scroll of noise {unknown}
Potions
 e - 3 potions of lignification
 j - 2 potions of ambrosia
 k - 3 potions of cure mutation
 o - 9 potions of curing
 t - 2 potions of agility
 v - 2 potions of haste
 B - 2 potions of magic
 J - a potion of degeneration {unknown}
 N - a potion of heal wounds
 P - a potion of mutation {unknown}
Books
 h - a Grand Grimoire
   (You found it on level 8 of the Dungeon)

   Spells                             Type                      Level
   a - Monstrous Menagerie            Summoning                    7
   b - Summon Greater Demon           Summoning                    7
   c - Malign Gateway                 Summoning/Translocation      7
   d - Summon Horrible Things         Summoning                    8
 q - a book of Burglary
   (You found it on level 3 of the Dungeon)

   Spells                             Type                      Level
   a - Swiftness                      Charms/Air                   2
   b - Passwall                       Transmutation/Earth          2
   c - Passage of Golubria            Translocation                4
   d - Lee's Rapid Deconstruction     Earth                        5
   e - Darkness                       Hexes                        6
   f - Invisibility                   Hexes                        6
 A - a book of Battle

   Spells                             Type                      Level
   a - Infusion                       Charms                       1
   b - Shroud of Golubria             Charms/Translocation         2
   c - Song of Slaying                Charms                       2
   d - Spectral Weapon                Hexes/Charms                 3
   e - Regeneration                   Charms/Necromancy            3
 F - a book of Fire
   (You found it on level 5 of the Dungeon)

   Spells                             Type                      Level
   a - Ignite Poison                  Fire/Transmutation/Poison    3
   b - Fireball                       Conjuration/Fire             5
   c - Bolt of Fire                   Conjuration/Fire             6
   d - Delayed Fireball               Conjuration/Fire             7
   e - Ring of Flames                 Charms/Fire                  7
Comestibles
 d - 9 bread rations
 n - 11 beef jerkies
 E - 3 meat rations
 Z - 9 chunks of flesh


   Skills:
 + Level 4.2 Fighting
 * Level 14.9 Long Blades
 - Level 0.8 Armour
 - Level 9.0 Dodging
 - Level 2.4 Spellcasting
 + Level 4.6 Charms
 * Level 0.9 Invocations


You had 5 spell levels left.
You knew the following spells:

 Your Spells              Type           Power        Failure   Level  Hunger
a - Infusion              Chrm           ###.         4%          1    #......
b - Shroud of Golubria    Chrm/Tloc      #.........   17%         2    ###....
c - Swiftness             Chrm/Air       #.......     17%         2    ###....
d - Regeneration          Chrm/Necr      #.........   34%         3    ###....


Dungeon Overview and Level Annotations

Branches:
Dungeon (10/15)            Temple (1/1) D:5
   Lair: D:8-11         Orc: D:9-12

Altars:
Ashenzari
Dithmenos
Fedhas
Gozag
Makhleb
Okawaru
Sif Muna
Xom
Yredelemnul
Zin

Shops:
D:4 *   D:5 !   D:8 (


Innate Abilities, Weirdness & Mutations

Your skin changes colour to match your surroundings (Stealth).


Message History

Casting: Infusion
Confirm with . or Enter, or press ? or * to list all spells.
Your skin crawls.
You are feeling hungry.
Your skin is crawling a little less now.
The gargoyle hits you with a mace!
Your shroud falls apart!
Found a scroll labeled JEVEAMN EWKE.
You barely miss the gargoyle. The gargoyle completely misses you.
You hit the gargoyle but do no damage. You hit the gargoyle but do no damage.
The gargoyle hurls a stone arrow at you.
The stone arrow misses you.
You hit the gargoyle but do no damage. You hit the gargoyle but do no damage.
The gargoyle hits you with a mace!
You barely miss the gargoyle. You hit the gargoyle.
The gargoyle is lightly damaged.
The gargoyle barely misses you.
You hit the gargoyle.
The gargoyle is moderately damaged.
You hit the gargoyle but do no damage.
The gargoyle is moderately damaged.
Your skin stops crawling.
The gargoyle hits you with a mace!
* * * LOW HITPOINT WARNING * * *
You hit the gargoyle but do no damage.
The gargoyle is moderately damaged.
You hit the gargoyle.
The gargoyle is moderately damaged.
The gargoyle completely misses you.
You barely miss the gargoyle.
The gargoyle is moderately damaged.
You hit the gargoyle but do no damage.
The gargoyle is moderately damaged.
The gargoyle hits you with a mace!
* * * LOW HITPOINT WARNING * * *
You hit the gargoyle.
The gargoyle is heavily damaged.
You hit the gargoyle.
The gargoyle is severely damaged.
The gargoyle hits you with a mace.
* * * LOW HITPOINT WARNING * * *
You puncture the gargoyle!
The gargoyle is almost destroyed.
You hit the gargoyle but do no damage.
The gargoyle is almost destroyed.
The gargoyle hurls a stone arrow at you.
The stone arrow hits you!
You die...

#.. .. ####?## ..
.# #. # .##. #.
... #. ##..#
#..#...# ..
#..#9#.#...: ##
#...@..$.# #.
####.#####
#########. #.#
#.......#. #.#
#.#####.#. #.#
##.#####.#.
#.######......(.<.
#.........#####(##
#########.......#
#########


You could see a gargoyle.

Vanquished Creatures
  A centaur warrior (D:10)
  Pikel (D:6)
  A troll (D:9)
  A wyvern (D:8)
  A yak (D:9)
  A hungry ghost (D:7)
  Menkaure (D:7)
  Edmund (D:4)
  2 water moccasins
  2 sky beasts
  2 orc warriors
  2 ice beasts
  A necrophage (D:7)
  4 ogres
  4 phantoms
  2 crocodiles
  A centaur (D:6)
  The ghost of dorian the Charmwright, an amateur HESk (D:3)
  2 giant frogs (D:6)
  3 scorpions
  7 killer bees (D:9)
  3 wights (D:9)
  4 crimson imps
  3 giant frog zombies
  4 hounds
  A giant frog skeleton (D:7)
  4 orc priests
  A centaur skeleton (D:7)
  8 iguanas
  7 orc wizards
  7 worker ants
  2 hound zombies
  A hound skeleton (D:9)
  14 gnolls
  18 adders
  A shadow imp (D:7)
  3 oozes
  2 adder zombies
  An adder skeleton (D:5)
  3 worms
  A dart slug (D:4)
  13 giant geckos
  24 orcs
  8 giant cockroaches
  6 goblins
  12 hobgoblins
  10 jackals
  2 quokkas
  8 bats
  7 giant newts
  12 kobolds
  A quokka skeleton (D:4)
  A quokka zombie (D:5)
  3 rats
236 creatures vanquished.

Vanquished Creatures (others)
  An ogre (D:4)
  An orc priest (D:6)
  A worker ant (D:4)
  A gnoll (D:6)
  A giant gecko (D:4)
  2 orcs (D:6)
  A giant cockroach (D:4)
  2 fungi (D:10)
  2 plants
12 creatures vanquished.

Grand Total: 248 creatures vanquished

Notes
Turn   | Place    | Note
--------------------------------------------------------------
     0 | D:1      | dorian the High Elf Skald began the quest for the Orb.
     0 | D:1      | Reached XP level 1. HP: 14/14 MP: 4/4
     6 | D:1      | HP: 7/14 [giant newt (1)]
    14 | D:1      | HP: 3/14 [giant newt (3)]
   286 | D:1      | HP: 7/14 [giant gecko (4)]
   578 | D:1      | Reached skill level 3 in Long Blades
   578 | D:1      | Reached XP level 2. HP: 13/19 MP: 6/6
  1082 | D:1      | HP: 9/19 [kobold/club (1)]
  1294 | D:1      | Reached skill level 2 in Dodging
  1315 | D:1      | Reached XP level 3. HP: 17/24 MP: 7/7
  1554 | D:2      | Reached skill level 4 in Long Blades
  1556 | D:2      | HP: 12/24 [poisoned by an adder]
  1563 | D:2      | HP: 10/24 [poisoned by an adder]
  1570 | D:2      | HP: 9/24 [poisoned by an adder]
  1578 | D:2      | HP: 7/24 [poisoned by an adder]
  1940 | D:2      | HP: 12/24 [poisoned by an adder]
  2092 | D:2      | HP: 11/24 [kobold/short sword of draining (5)]
  2094 | D:2      | HP: 3/24 [worm (9)]
  2377 | D:2      | Reached XP level 4. HP: 29/29 MP: 5/8
  2587 | D:2      | Found a blossoming altar of Fedhas.
  2816 | D:3      | Identified a book of Burglary
  2824 | D:3      | Learned a level 2 spell: Shroud of Golubria
  2827 | D:3      | Learned a level 2 spell: Swiftness
  2889 | D:3      | Noticed dorian's ghost (amateur HESk)
  2889 | D:3      | dorian's ghost turns its malevolent gaze towards you.
  2902 | D:3      | Killed dorian's ghost
  2902 | D:3      | Reached skill level 5 in Long Blades
  2902 | D:3      | Reached skill level 3 in Dodging
  2902 | D:3      | Reached XP level 5. HP: 31/34 MP: 0/9
  3503 | D:3      | Found a deep blue altar of Sif Muna.
  3702 | D:3      | HP: 14/34 [orc/whip (6)]
  3706 | D:3      | Reached skill level 6 in Long Blades
  3706 | D:3      | HP: 3/34 [orc/whip (4)]
  4026 | D:4      | Reached skill level 4 in Dodging
  4026 | D:4      | Reached XP level 6. HP: 37/39 MP: 5/10
  4040 | D:4      | Found a glowing silver altar of Zin.
  4329 | D:5      | Entered Level 5 of the Dungeon
  4368 | D:4      | Found Diule's Assorted Antiques.
  4510 | D:4      | Got a pair of polished gloves
  4516 | D:4      | Identified the cursed +0 pair of gloves "Lejab" {rCorr Str+9 Dex-3} (You found it on level 4 of the Dungeon)
  4581 | D:4      | Bought a dented sapphire amulet for 95 gold pieces
  4581 | D:4      | Bought a scroll labeled DEAHUUJ ANLASHO for 19 gold pieces
  4608 | D:4      | Noticed a water moccasin
  4637 | D:4      | Learned a level 3 spell: Regeneration
  4732 | D:4      | Noticed Edmund
  4757 | D:4      | HP: 18/39 [Edmund/flail of protection (8)]
  4766 | D:4      | HP: 14/39 [Edmund/flail of protection (2)]
  4768 | D:4      | Killed Edmund
  4768 | D:4      | Reached skill level 7 in Long Blades
  5014 | D:4      | Reached XP level 7. HP: 45/45 MP: 9/11
  5042 | D:4      | Found a shimmering altar of Xom.
  5178 | D:4      | Reached skill level 8 in Long Blades
  5178 | D:4      | Reached skill level 5 in Dodging
  5188 | D:4      | HP: 21/45 [iguana (2)]
  5194 | D:4      | HP: 16/45 [poisoned by a water moccasin]
  5202 | D:4      | HP: 15/45 [poisoned by a water moccasin]
  5210 | D:4      | HP: 15/45 [poisoned by a water moccasin]
  5499 | D:4      | Found a burning altar of Makhleb.
  5958 | D:5      | Found Titril's Distillery.
  5965 | D:5      | Bought a potion of heal wounds for 50 gold pieces
  5972 | D:5      | Identified a book of Fire
  6026 | D:5      | Found a staircase to the Ecumenical Temple.
  6114 | Temple   | Entered the Ecumenical Temple
  6134 | Temple   | Became a worshipper of Warmaster Okawaru
  6187 | D:5      | Reached skill level 9 in Long Blades
  6425 | D:5      | Found an opulent altar of Gozag.
  6519 | D:5      | Reached XP level 8. HP: 46/50 MP: 12/12
  6767 | D:6      | HP: 24/50 [centaur (2)]
  6771 | D:6      | Reached skill level 6 in Dodging
  6777 | D:6      | Reached skill level 10 in Long Blades
  6942 | D:6      | Reached * piety under Okawaru
  6949 | D:6      | HP: 23/50 [ice beast (10)]
  7070 | D:6      | Got a shimmering helmet
  7079 | D:6      | Identified the +3 helmet of Ennui {-Cast MR+ Str+3 Int+4} (You found it on level 6 of the Dungeon)
  7136 | D:6      | HP: 24/50 [gnoll/club (4)]
  7144 | D:6      | HP: 24/50 [poisoned by a worker ant]
  7371 | D:6      | Found a shadowy altar of Dithmenos.
  7425 | D:6      | Noticed Pikel
  7435 | D:6      | Killed Pikel
  7435 | D:6      | Reached ** piety under Okawaru
  7435 | D:6      | Reached skill level 11 in Long Blades
  7435 | D:6      | Reached skill level 7 in Dodging
  7435 | D:6      | Reached XP level 9. HP: 49/54 MP: 13/13
  7576 | D:6      | Reached skill level 12 in Long Blades
  8082 | D:7      | Got a tiger eye-encrusted leather armour
  8101 | D:7      | Identified the +1 leather armour of Listlessness {rPois MP+9 Str-4} (You found it on level 7 of the Dungeon)
  8296 | D:7      | HP: 15/54 [orc warrior/battleaxe (16)]
  8323 | D:7      | Reached skill level 8 in Dodging
  8395 | D:7      | Gained mutation: Your skin changes colour to match your surroundings (Stealth). [mutagenic meat]
  8524 | D:7      | HP: 26/54 [orc wizard/puff of frost (3)]
  8530 | D:7      | HP: 23/54 [orc wizard/puff of frost (4)]
  8732 | D:7      | Noticed Menkaure
  8739 | D:7      | Killed Menkaure
  9089 | D:7      | HP: 26/54 [gnoll sergeant/spear of distortion (21)]
  9480 | D:7      | Reached skill level 13 in Long Blades
  9629 | D:7      | Reached *** piety under Okawaru
  9754 | D:8      | Found Libeig's Weapon Boutique.
 10068 | D:8      | Reached skill level 9 in Dodging
 10367 | D:8      | Reached XP level 10. HP: 60/60 MP: 14/14
 10387 | D:8      | Identified a Grand Grimoire
 10839 | D:9      | Got a faintly glowing flail
 10840 | D:9      | Identified the +1 flail of Terror {vamp, *Rage rPois Dex+2 SInv} (You found it on level 9 of the Dungeon)
 10877 | D:9      | Reached skill level 14 in Long Blades
 10933 | D:9      | Found a shattered altar of Ashenzari.
 11152 | D:9      | Reached skill level 3 in Fighting
 11181 | D:9      | Reached **** piety under Okawaru
 11543 | D:10     | Entered Level 10 of the Dungeon
 11543 | D:10     | Noticed a gargoyle
 11649 | D:10     | Noticed a centaur warrior
 11664 | D:10     | HP: 29/63 [centaur warrior (12)]
 11670 | D:10     | HP: 22/63 [centaur warrior (6)]
 11672 | D:10     | Killed a centaur warrior
 11672 | D:10     | Reached skill level 4 in Fighting
 11672 | D:10     | Reached skill level 4 in Charms
 12048 | D:4      | Bought a pair of glowing gloves for 85 gold pieces
 12048 | D:4      | Bought a glowing filigree amulet for 95 gold pieces
 12048 | D:4      | Bought a scroll of identify for 38 gold pieces
 12317 | D:10     | HP: 26/64 [gargoyle/mace (13)]
 12323 | D:10     | HP: 15/64 [gargoyle/mace (1)]
 12325 | D:10     | Killed from afar by a gargoyle

Skill      XL: |  1  2  3  4  5  6  7  8  9 10 |
---------------+-------------------------------+-----
Long Blades    | 3 4 5 6 7 9 11 13 14 | 14.9
Dodging        | 2 3 4 5 7 9 |  9.0
Fighting       | 4 |  4.2
Charms         | 4 |  4.6
Armour         | |  0.8
Spellcasting   | |  2.4
Invocations    | |  0.9

Action                   |  1- 3 |  4- 6 |  7- 9 | 10-12 || total
-------------------------+-------+-------+-------+-------++-------
Melee: Short sword       |   129 |   226 |   625 |   227 ||  1207
       Falchion          |    14 |       |       |       ||    14
Throw: Tomahawk          |       |       |     4 |     4 ||     8
 Cast: Infusion          |     3 |     6 |    13 |     2 ||    24
       Shroud of Golubri |       |     8 |    13 |     3 ||    24
       Swiftness         |       |     1 |       |     2 ||     3
       Regeneration      |       |       |       |     1 ||     1
Evoke: Wand              |       |       |     2 |       ||     2
  Use: Scroll            |       |       |    15 |     2 ||    17
       Potion            |       |       |     1 |       ||     1
 Stab: Sleeping          |     2 |     2 |     4 |     3 ||    11
       Distracted        |       |       |       |     1 ||     1
  Eat: Chunk             |     4 |     8 |    21 |     4 ||    37
       Pizza             |       |     1 |       |     1 ||     2
       Meat ration       |       |       |     1 |       ||     1
       Beef jerky        |       |       |       |     1 ||     1
Armor: Leather armour    |    36 |    35 |    87 |    18 ||   176
       Skin              |       |       |     2 |       ||     2
Dodge: Dodged            |   108 |   109 |   300 |   135 ||   652
